 Dungeon Crawl Stone Soup version 0.28-a0-1506-g3893175d92 (webtiles) character file.

Game seed: 10623911366542563636

89 HallandMoats the Skirmisher (level 4, -4/40 HPs)
             Began as a Ghoul Fighter on Jan 14, 2022.
             Was an Initiate of Okawaru.
             Killed from afar by an orc wizard (8 damage)
             ... with a magic dart
             ... on level 2 of the Dungeon.
             The game lasted 00:02:25 (1860 turns).

HallandMoats the Skirmisher (Ghoul Fighter)         Turns: 1860, Time: 00:02:27

Health: -4/40      AC: 11    Str: 19    XL:     4   Next: 55%
Magic:  3/3        EV:  5    Int:  5    God:    Okawaru [......]
Gold:   86         SH:  4    Dex:  8    Spells: 3/3 levels left

rFire   . . .      SeeInvis .   a - +0 long sword
rCold   + . .      Faith    .   c - +0 buckler
rNeg    + + +      Spirit   .   m - +0 plate armour
rPois   ∞          Reflect  .   (no helmet)
rElec   .          Harm     .   (no cloak)
rCorr   .          Rampage  .   (no gloves)
Will    .....                   (no boots)
Stlth   ..........              (no amulet)
HPRegen 0.00/turn               (no ring)
MPRegen 0.08/turn               (no ring)

@: mighty, inhibited regen
A: claws 1, cold resistance 1, negative energy resistance 3, inhibited
regeneration, torment resistance 2
a: Renounce Religion


You were on level 2 of the Dungeon.
You worshipped Okawaru.
Okawaru was noncommittal.
You visited 1 branch of the dungeon, and saw 3 of its levels.

You collected 86 gold pieces.

Inventory:

Hand Weapons
 a - a +0 long sword (weapon)
Armour
 c - a +0 buckler (worn)
 m - a +0 plate armour (worn)
Jewellery
 k - a ring of magical power
Wands
 p - a wand of polymorph (5)
 q - a wand of flame (15)
Scrolls
 b - a scroll of enchant armour {unknown}
 e - a scroll of magic mapping {unknown}
 g - a scroll of vulnerability {unknown}
 h - 2 scrolls of noise {unknown}
 i - 3 scrolls of identify {unknown}
 l - 2 scrolls of teleportation {unknown}
Potions
 d - a potion of might
 f - a potion of magic {unknown}
 j - 2 potions of attraction {unknown}
 n - a potion of heal wounds {unknown}
 o - a potion of brilliance {unknown}


   Skills:
 * Level 4.0 Fighting
 * Level 2.4 Long Blades
 + Level 2.9 Armour
 + Level 1.1 Dodging
 * Level 3.2 Shields
 * Level 1.0 Invocations


You had 3 spell levels left.
You didn't know any spells.
Your spell library contained the following spells:

 Spells                   Type           Power      Damage    Failure   Level
 Magic Dart               Conj           0%         1d3       100%        1
 Pain                     Necr           0%         1d4       100%        1
 Mephitic Cloud           Conj/Pois/Air  0%         N/A       100%        3
 Vampiric Draining        Necr           0%         2d6       100%        3
 Animate Skeleton         Necr           Unusable   N/A       N/A         1
 Call Imp                 Summ           Unusable   N/A       N/A         2

Dungeon Overview and Level Annotations

Branches:
Dungeon (3/15)

Altars:
Okawaru

Shops:
D:1 *


Innate Abilities, Weirdness & Mutations

You thrive by killing the living.
You are immune to poison.
You have sharp fingernails.
Your flesh is cold resistant. (rC+)
You are immune to negative energy. (rN+++)
You do not regenerate when monsters are visible.
You are immune to unholy pain and torment.


Message History

You struggle against the net.
You struggle against the net.
The orc hits you from afar with a +0 trident.
You struggle against the net.
The orc wizard casts a spell.
The orc wizard flickers and vanishes!
Deactivating autopickup; reactivate with Ctrl-A.
The orc hits you but does no damage.
You shred the net and break free!
The orc hits you from afar with a +0 trident.
There is a stone staircase leading up here.
The orc priest looks satisfied for a moment.
The orc hits you from afar with a +0 trident.
The orc closely misses you. The rat bites you but does no damage.
The orc barely misses you. The rat bites you but does no damage.
The orc hits you but does no damage.
You hear some strange, mumbled words.
Something tries to affect you, but you resist.
The orc barely misses you. The rat bites you. You block something's attack.
You block the rat's attack. The orc hits you but does no damage.
Something hits you but does no damage.
The orc hits you from afar with a +0 trident!
The rat bites you but does no damage.
The orc priest hits you with a +1 whip of freezing.
Something hits you but does no damage.
You are electrocuted!
* * * LOW HITPOINT WARNING * * *
The rat bites you but does no damage.
The orc hits you from afar with a +0 trident.
* * * LOW HITPOINT WARNING * * *
You climb upwards.
Reactivating autopickup.
There is a stone staircase leading down here.
You feel very mighty all of a sudden. The orc priest barely misses you.
You hear some strange, mumbled words.
A magic dart appears from out of thin air!
Deactivating autopickup; reactivate with Ctrl-A.
The magic dart hits you!
You die...

#..........# #.>..#.#
#<.........# ####...#
#..........# ##..#
#..........### ###...
##...........##### #...##
#................###.###
####..........##..#..##.####
#.......^.{...###.##......).
#.###......@..# #..###.#####
#.#$#.....r.o.# ##[....#
#.###........## #######
#...........## #......######
########


You could see an orc priest and a rat.

Vanquished Creatures
  Jessica (D:3)
  An adder (D:3)
  3 worms
  3 dart slugs (D:2)
  5 ball pythons
  An endoplasm (D:1)
  A giant cockroach (D:1)
  4 goblins
  4 hobgoblins
  2 quokkas (D:2)
  2 bats
  3 frilled lizards
  6 kobolds
  7 rats
43 creatures vanquished.

Vanquished Creatures (others)
  7 fungi (D:3)
  8 plants (D:3)
15 creatures vanquished.

Grand Total: 58 creatures vanquished

Notes
Turn   | Place    | Note
-------+----------+-------------------------------------------
     0 | D:1      | HallandMoats the Ghoul Fighter began the quest for the Orb.
     0 | D:1      | Reached XP level 1. HP: 19/19 MP: 0/0
   194 | D:1      | Found Soisas's Assorted Antiques.
   401 | D:1      | Reached XP level 2. HP: 25/26 MP: 1/1
   981 | D:2      | Found an iron altar of Okawaru.
  1003 | D:2      | Reached XP level 3. HP: 29/33 MP: 2/2
  1018 | D:2      | Became a worshipper of Warmaster Okawaru
  1327 | D:2      | Reached skill level 1 in Dodging
  1738 | D:3      | Reached XP level 4. HP: 40/40 MP: 3/3
  1747 | D:3      | Noticed Jessica
  1754 | D:3      | Killed Jessica
  1755 | D:3      | Reached skill level 4 in Fighting
  1755 | D:3      | Reached skill level 1 in Invocations
  1860 | D:2      | Killed from afar by an orc wizard

Illustrated notes

Levels and vault maps discovered:
D:1:      evilmike_arrival_rings, layout_loops_ring, serial_shops,
          nicolae_shop_hallway_plus, minmay_tetromino_o4
D:2:      layout_rooms, basic_altar, serial_glass, glass_columns_b,
          glass_columns_a, item_on_display_b, item_on_display_a,
          item_on_display_a
D:3:      layout_basic, minitemple, shapermc_ecumenical_altar_mp_urbaneastern,
          uniq_jessica

Skill      XL: |  1  2  3  4 |
---------------+-------------+-----
Long Blades    | 2 |  2.4
Shields        | 3 |  3.2
Dodging        | 1 |  1.1
Fighting       | 4 |  4.0
Invocations    | 1 |  1.0
Armour         | |  2.9

Action                   |  1- 3 |  4- 6 || total
-------------------------+-------+-------++-------
Melee: Long sword        |   110 |     4 ||   114
  Use: Potion            |       |     1 ||     1
Armor: Scale mail        |    16 |       ||    16
       Plate armour      |    26 |    11 ||    37
Dodge: Dodged            |    45 |     6 ||    51
Block: Buckler           |    19 |     3 ||    22

Table legend: (Time is in decaauts)
 A = Elapsed time spent in this place.
 B = Non-inter-level travel time spent in this place.
 C = Inter-level travel time spent in this place.
 D = Time resting spent in this place.
 E = Time spent auto-exploring this place.
 F = Levels seen in this place.
 G = Mean time per level.
                   A        B        C        D        E       F      G
               +--------+--------+--------+--------+--------+-----+--------+
         Total |   1896 |   1843 |     53 |      0 |   1482 |   3 |  632.0 |
       Dungeon |   1896 |   1843 |     53 |      0 |   1482 |   3 |  632.0 |
               +--------+--------+--------+--------+--------+-----+--------+

Top non-repeatable levels by time:
     D:1: 953 daAuts
     D:2: 624 daAuts
     D:3: 318 daAuts
